 Dungeon Crawl Stone Soup version 0.27-a0-1123-g2f9bb313c0 (webtiles) character file.

Game seed: 16310449085372641815

0 Zeld the Grasshopper (level 1, 0/11 HPs)
             Began as an Octopode Wanderer on May 4, 2021.
             Slain by a ball python (2 damage)
             ... on level 1 of the Dungeon.
             The game lasted 00:00:17 (30 turns).

Zeld the Grasshopper (Octopode Wanderer)              Turns: 30, Time: 00:00:18

Health: 0/11       AC:  1    Str:  9    XL:     1   Next: 10%
Magic:  3/3        EV: 12    Int: 18    God:
Gold:   0          SH:  0    Dex:  9    Spells: 4/4 levels left

rFire    . . .     SeeInvis .   a - +0 club
rCold    . . .     Faith    .   (no shield)
rNeg     . . .     Spirit   .   (helmet restricted)
rPois    .         Reflect  .   (no amulet)
rElec    .         Harm     .   (no ring)
rCorr    .         Rampage  .   (no ring)
Will     .....                  (no ring)
Stlth    ++........             (no ring)
HPRegen  0.03/turn              (no ring)
MPRegen  0.08/turn              (no ring)
                                (no ring)
                                (no ring)

@: no status effects
A: almost no armour, amphibious, 8 rings, camouflage 1, gelatinous body 1,
(nimble swimmer 1), tentacles
a: no special abilities


You were on level 1 of the Dungeon.
You visited 1 branch of the dungeon, and saw 1 of its levels.

Inventory:

Hand Weapons
 a - a +0 club (weapon)


   Skills:
 + Level 1.0 Throwing
 + Level 1.3 Stealth
 + Level 2.0 Spellcasting
 + Level 4.0 Translocations
 + Level 1.0 Fire Magic
 + Level 1.2 Poison Magic


You had 4 spell levels left.
You didn't know any spells.
Your spell library contained the following spells:

 Spells                   Type           Power      Damage    Failure   Level
 Blink                    Tloc           N/A        N/A       5%          2
 Sting                    Tmut/Pois      12%        1d3       14%         1
 Magic Dart               Conj           4%         1d3       19%         1
 Sandblast                Erth           2%         2d4       19%         1
 Call Imp                 Summ           1%         N/A       26%         2
 Slow                     Hex            1%         N/A       26%         2
 Ignite Poison            Fire/Tmut/Pois 4%         N/A       38%         3
 Conjure Flame            Conj/Fire      3%         6-21      41%         3
 Mephitic Cloud           Conj/Pois/Air  3%         N/A       43%         3
 Stone Arrow              Conj/Erth      2%         3d7       47%         3


Dungeon Overview and Level Annotations

Branches:
Dungeon (1/15)

Altars:


Innate Abilities, Weirdness & Mutations

You cannot wear most types of armour.
You are amphibious.
You can wear up to eight rings at the same time.
Your skin changes colour to match your surroundings (Stealth+).
Your rubbery body absorbs attacks. (AC +1, EV +1)
((You are camouflaged near water. (Stealth+)))
You have tentacles for arms and can constrict up to eight enemies at once.


Message History

Welcome, Zeld the Octopode Wanderer.
Will you prevail where others failed? Will you find the Orb of Zot?
Press ? for a list of commands and other information.
Found a staircase leading out of the dungeon.
You begin with the following items: a +0 club; and the following spells available to memorise: Blink, Sting, Magic Dart, Sandblast, Call Imp, Slow, Ignite Poison, Conjure Flame, Mephitic Cloud, Stone Arrow.
Okay, then.
You don't know any spells.
Unknown command.
Okay, then.
Sorry, you're not good enough to have a special ability.
Unknown command.
You aren't carrying any potions.
Unknown command.
Unknown command.
You aren't carrying any scrolls.
Unknown command.
A frilled lizard comes into view.
A frilled lizard is nearby!
A frilled lizard is nearby!
A kobold comes into view. It is wielding a +0 short sword.
The kobold shouts!
You hit the frilled lizard.
You kill the frilled lizard!
A ball python comes into view.
The ball python hisses angrily.
The kobold hits you with a +0 short sword.
You closely miss the kobold. Your grab misses the kobold.
The ball python bites you. The ball python misses you.
The kobold hits you with a +0 short sword.
You are too injured to fight recklessly!
You hit the ball python but do no damage.
You grab the ball python. You constrict the ball python.
The ball python bites you.
* * * LOW HITPOINT WARNING * * *
The ball python closely misses you. The kobold misses you.
The ball python bites you.
You die...

#......##......#
##..##..##..##..#
#....#..##..##..#
#.<..#..##..##..#
##..##..##..##..#
...##......##..#
.
...####....###..#
... ##### ######
#..##.....
#.@.......
......KS.......
#..............
...............
#..........####
...........#
...........#
...........#


You could see a ball python and a kobold.

Vanquished Creatures
  A frilled lizard (D:1)
1 creature vanquished.

Notes
Turn   | Place    | Note
-------+----------+-------------------------------------------
     0 | D:1      | Zeld the Octopode Wanderer began the quest for the Orb.
     0 | D:1      | Zeld set off with the following items: a +0 club; and the
                  | following spells available to memorise: Blink, Sting, Magic
                  | Dart, Sandblast, Call Imp, Slow, Ignite Poison, Conjure
                  | Flame, Mephitic Cloud, Stone Arrow
     0 | D:1      | Reached XP level 1. HP: 11/11 MP: 3/3
    30 | D:1      | Slain by a ball python

Illustrated notes

Levels and vault maps discovered:
D:1:      minmay_arrival_wavy_path, layout_rooms, moated_statue

Action                   || total
-------------------------++-------
Melee: Club              ||     3
       Constrict         ||     1
Dodge: Dodged            ||     3

Table legend: (Time is in decaauts)
 A = Elapsed time spent in this place.
 B = Non-inter-level travel time spent in this place.
 C = Inter-level travel time spent in this place.
 D = Time resting spent in this place.
 E = Time spent auto-exploring this place.
 F = Levels seen in this place.
 G = Mean time per level.
                   A        B        C        D        E       F      G
               +--------+--------+--------+--------+--------+-----+--------+
         Total |     30 |     30 |      0 |      0 |     19 |   1 |   30.0 |
       Dungeon |     30 |     30 |      0 |      0 |     19 |   1 |   30.0 |
               +--------+--------+--------+--------+--------+-----+--------+

Top non-repeatable levels by time:
     D:1: 30 daAuts
